Cogmind - Beta 16.1 @@@ ROGUE MODE // 2026.04.22 @ 17:05:31 Player: gamerman Result: Destroyed by EQ-7UB(R) with Subdweller Machine Gun Performance ------------- Evolutions (0) 0 Regions Visited (3) 600 Robots Destroyed (11) 55 Value Destroyed (301) 301 Prototype IDs (1) 20 Alien Tech Used (0) 0 Bonus (0) 0 TOTAL SCORE: 976 Bonus ------- None Cogmind --------- Core Integrity 0/250 Matter 254/300 Energy 193/200 System Corruption 0% Temperature Cool (0) Movement Rolling (110) Location -10/Subcaves Parts ------- > --- POWER (1) -------- Subdweller Power Source > --- PROPULSION (2) --- Subdweller Monowheel > --- UTILITY (2) ------ Small Storage Unit Signal Interpreter > --- WEAPON (2) ------- Subdweller Machine Gun Subdweller Machine Gun > --- INVENTORY (8) ---- Subdweller Power Source Cooling System Subdweller Optics Targeting Computer Subdweller Machine Gun Improved Assault Rifle Improved Assault Rifle Peak State ------------ > --- POWER ------------ Subdweller Power Source > --- PROPULSION ------- Subdweller Monowheel Subdweller Monowheel > --- UTILITY ---------- Small Storage Unit Signal Interpreter > --- WEAPON ----------- Improved Assault Rifle Improved Assault Rifle > --- INVENTORY -------- Light Treads Cooling System Targeting Computer Subdweller Machine Gun Improved Assault Rifle Improved Assault Rifle Battle Cannon [Rating: 15] Favorites ----------- Power Ion Engine Engine Ion Engine Propulsion Light Treads Treads Light Treads Wheel Subdweller Monowheel Utility Small Storage Unit Storage Small Storage Unit Processor Signal Interpreter Weapon Improved Assault Rifle Energy Gun Spread Laser Ballistic Gun Improved Assault Rifle Build | -11 -10 -10 -10 ------- Run | Yrd Mat Min Sub Slots Evolved . | . . . . Power . | . . . . Propulsion . | . . . . Utility . | . . . . Weapon . | . . . . Parts Attached 21 | 7 5 . 9 Power 3 | 1 . . 2 Engine 3 | 1 . . 2 Core . | . . . . Reactor . | . . . . Propulsion 6 | 2 . . 4 Treads 2 | 2 . . . Leg . | . . . . Wheel 4 | . . . 4 Hover . | . . . . Flight . | . . . . Utility 2 | 1 1 . . Device . | . . . . Storage 1 | 1 . . . Processor 1 | . 1 . . Hackware . | . . . . Protection . | . . . . Artifact . | . . . . Weapon 10 | 3 4 . 3 Energy Gun 2 | . 2 . . Energy Cannon . | . . . . Ballistic Gun 8 | 3 2 . 3 Ballistic Cannon . | . . . . Launcher . | . . . . Special Weapon . | . . . . Impact Weapon . | . . . . Slashing Weapon . | . . . . Piercing Weapon . | . . . . Special Melee Weapon . | . . . . Unidentified Prototypes 1 | . 1 . . Parts Lost 5 | . . . 5 Power . | . . . . Propulsion 4 | . . . 4 Utility . | . . . . Weapon 1 | . . . 1 Highest Loss Streak 1 | . . . 1 To Critical Strikes . | . . . . Average Backups 7 | 1 6 8 7 Power . | . . . . Propulsion . | . . . . Utility 4 | . 4 6 3 Weapon 2 | . 1 2 3 Tool/Special . | . . . . Unused Backups 17 | . 6 . 11 Power 2 | . 1 . 1 Propulsion . | . . . . Utility 9 | . 3 . 6 Weapon 6 | . 2 . 4 Tool/Special . | . . . . Average Slot Usage (%) 91 | . 93 100 85 Engine 14 | . 14 14 14 Treads 16 | . 28 28 5 Wheel 4 | . . . 8 Storage 14 | . 14 14 14 Processor 12 | . 8 14 14 Energy Gun 5 | . 17 . . Ballistic Gun 22 | . 10 28 28 Peak Build Rating 15 | 6 12 12 15 Average Rating 10 | 4 9 12 11 On Entrance 7 | . 6 12 12 Avg Prop Armor Cover (%) 12 | . . . 12 Naked Turns . | . . . . Heaviest Build 18 | 14 16 16 18 Greatest Support 40 | 40 40 40 40 Greatest Overweight (x) 5 | 1 . . 5 Average Overweight (x) . | . . . . Largest Inventory Capacity 8 | 8 8 8 8 Average Capacity 7 | 7 8 8 8 Most Carried 8 | 2 8 8 8 Average Carried 7 | 1 6 8 7 Final Capacity 8 | 8 8 8 8 Final Carried 8 | 2 8 8 7 Class Distribution -------------------- 100% | Mutant Dominant Class ---------------- Mutant | -10/Materials Mutant | -10/Mines Mutant | -10/Subcaves Resources | -11 -10 -10 -10 ----------- Run | Yrd Mat Min Sub Matter Collected 566 | 207 117 20 222 Remotely . | . . . . Salvage Created 311 | . 54 . 257 Parts 24 | . 4 . 20 Haulers Intercepted 1 | . 1 . . Recyclers Shooed . | . . . . Parts Field Recycled . | . . . . Retrieved Matter . | . . . . Parts Self-Destructed 6 | . . . 6 Prevented . | . . . . Parts Restored . | . . . . Kills | -11 -10 -10 -10 ------- Run | Yrd Mat Min Sub Combat Hostiles Destroyed 9 | . . 1 8 Guns 9 | . . 1 8 Classes Destroyed 5 | . 2 1 2 Hauler 1 | . 1 . . Operator 1 | . 1 . . Swarmer 3 | . . . 3 Demolisher 1 | . . 1 . Subdweller 5 | . . . 5 Best Kill Streak 3 | . 1 1 3 Combat Bots Only 3 | . . 1 3 Max Kills in Single Turn 1 | . 1 1 1 Gunslinging . | . . . . Exploded . | . . . . Melee . | . . . . Uniques/NPCs Destroyed . | . . . . Combat | -11 -10 -10 -10 -------- Run | Yrd Mat Min Sub Hostile Shots Fired 68 | . 2 20 46 Missed 16 | . . 5 11 Hits 52 | . 2 15 35 Melee 1 | . . 1 . Projectile 51 | . 2 14 35 AOE 4 | . . 4 . Damage Taken 985 | . 21 324 640 Core 272 | . 11 35 226 Absorbed by Shields . | . . . . Core Remaining (%) 100 | 100 . . . Volleys Fired 44 | . 9 1 34 Largest 2 | . 2 2 2 Hottest 130 | . 130 46 60 Shots Fired 87 | . 18 2 67 Gun 87 | . 18 2 67 Cannon . | . . . . Launcher . | . . . . Special . | . . . . Kinetic 77 | . 8 2 67 Thermal 10 | . 10 . . Explosive . | . . . . Electromagnetic . | . . . . Robot Hit Streak 7 | . 6 2 7 Robot Miss Streak 5 | . 5 . 2 Penetration Max . | . . . . Secondary Targets 1 | . . . 1 Max Gunslinging Chain 1 | . . . 1 Shots Hit Robots 63 | . 16 2 45 Core Hits 28 | . 14 1 13 Critical Kills . | . . . . Critical Parts Destroyed . | . . . . Critical Strikes . | . . . . Melee Attacks . | . . . . Impact . | . . . . Slashing . | . . . . Piercing . | . . . . Sneak Attacks . | . . . . Combat Hostiles . | . . . . Follow-up Attacks . | . . . . Damage Inflicted 936 | . 194 27 715 Guns 936 | . 194 27 715 Cannons . | . . . . Explosions . | . . . . Melee . | . . . . Ramming . | . . . . Kinetic 818 | . 76 27 715 Thermal 118 | . 118 . . Explosive . | . . . . Electromagnetic . | . . . . Impact . | . . . . Slashing . | . . . . Piercing . | . . . . Highest Corruption . | . . . . Average Corruption . | . . . . Corruption Purged . | . . . . Corruption Blocked . | . . . . Overload Shots . | . . . . Overflow Damage . | . . . . Projectiles . | . . . . Explosions . | . . . . Melee . | . . . . Knockbacks . | . . . . Impact . | . . . . Kinetic . | . . . . Secondary . | . . . . Self-Inflicted Damage . | . . . . Shots . | . . . . Rammed . | . . . . Targets Rammed . | . . . . Kicked . | . . . . Crushed . | . . . . Highest Temperature 138 | . 138 . . Average Temperature 64 | . 64 . . Received Heat Transfer 24 | . 12 . 12 Siege Activations . | . . . . Martial Activations . | . . . . Shielding Activations . | . . . . Robots Disrupted . | . . . . Combat Hostiles . | . . . . Robots Corrupted . | . . . . Combat Hostiles . | . . . . Parts Fried . | . . . . Impact Corruptions . | . . . . Robots Melted . | . . . . Combat Hostiles . | . . . . Parts Melted 1 | . . . 1 Heat Transferred 145 | . 145 . . Parts Sabotaged . | . . . . Parts Stolen . | . . . . Parts Stripped . | . . . . Power Chain Reactions . | . . . . Alert | -11 -10 -10 -10 ------- Run | Yrd Mat Min Sub Maximum Alert Level . | . . . . Low Security (%) 100 | 100 100 100 . Level 1 . | . . . . Level 2 . | . . . . Level 3 . | . . . . Level 4 . | . . . . Level 5 . | . . . . High Security . | . . . . Max Security . | . . . . Peak Influence 30 | . 7 30 . Initial . | . . . . Average 1 | . . 3 . Influence Increases 119 | . 19 30 70 Destroy 0b10 Robot/C 80 | . . 20 60 Destroy 0b10 Robot/NC 10 | . 10 . . Destroy Leader 22 | . 2 10 10 Successful Hack 7 | . 7 . . Influence Decreases 119 | . 19 30 70 Time Decay 119 | . 19 30 70 Squads Dispatched 1 | . 1 . . Investigation . | . . . . Extermination . | . . . . Reinforcement 1 | . 1 . . Assault . | . . . . Garrison . | . . . . Intercept . | . . . . Searches Triggered . | . . . . Construction Impeded . | . . . . Haulers Reinforced . | . . . . Active Scanning Responses . | . . . . Cargo Convoy Interrupts . | . . . . Stealth | -11 -10 -10 -10 --------- Run | Yrd Mat Min Sub Distress Signals 2 | . 2 . . Communications Jammed . | . . . . Distress Signals . | . . . . Times Spotted 29 | . 3 16 10 Peak Tracking Total 22 | . 2 22 3 Tactical Retreats 1 | . . 1 . Traps | -11 -10 -10 -10 ------- Run | Yrd Mat Min Sub Traps Triggered . | . . . . Indirectly . | . . . . Trap Hack Attempts . | . . . . Triggered . | . . . . Disarmed . | . . . . Reprogrammed . | . . . . Reused . | . . . . Traps Extracted . | . . . . Installed . | . . . . Triggered . | . . . . Machines | -11 -10 -10 -10 ---------- Run | Yrd Mat Min Sub Machines Disabled . | . . . . Max in Single Turn . | . . . . Machines Repaired . | . . . . Machines Dismantled . | . . . . Machines Sabotaged . | . . . . Overloaded Fab Kills . | . . . . Hacking | -11 -10 -10 -10 --------- Run | Yrd Mat Min Sub Machines Accessed 5 | . 4 . 1 Terminals 4 | . 4 . . Fabricators . | . . . . Repair Stations . | . . . . Recycling Units . | . . . . Scanalyzers . | . . . . Garrison Access . | . . . . Total Hacks 17 | . 13 . 4 Successful 6 | . 2 . 4 Failed 11 | . 11 . . Catastrophic 3 | . 3 . . Database Lockouts . | . . . . Manual 10 | . 9 . 1 Terminals 13 | . 13 . . Fabricators . | . . . . Repair Stations . | . . . . Recycling Units . | . . . . Scanalyzers . | . . . . Garrison Access . | . . . . Terminal Hacks 6 | . 2 . 4 Record 4 | . . . 4 Robot Analysis 1 | . 1 . . Unreport Threat 1 | . 1 . . Fabricator Hacks . | . . . . Repair Station Hacks . | . . . . Recycling Unit Hacks . | . . . . Scanalyzer . | . . . . Garrison Access Hacks . | . . . . Unauthorized Hacks . | . . . . Terminals . | . . . . Fabricators . | . . . . Repair Stations . | . . . . Recycling Units . | . . . . Scanalyzers . | . . . . Garrison Access . | . . . . Data Cores Recovered 1 | . 1 . . Used 1 | . 1 . . Hacking Detections 4 | . 4 . . Full Trace Events . | . . . . Feedback Events . | . . . . Feedback Blocked . | . . . . Robot Schematics Acquired . | . . . . Robots Built . | . . . . Authchips . | . . . . Time . | . . . . Total Robot Build Rating . | . . . . Part Schematics Acquired . | . . . . Parts Built . | . . . . Authchips . | . . . . Time . | . . . . Total Part Build Rating . | . . . . Part Studies Acquired . | . . . . Parts Repaired . | . . . . Time . | . . . . Parts Recycled . | . . . . Recycled Matter . | . . . . Retrieved Matter . | . . . . Retrieved Components . | . . . . Parts Scanalyzed . | . . . . Part Schematics Acquired . | . . . . Parts Damaged . | . . . . Bothacking | -11 -10 -10 -10 ------------ Run | Yrd Mat Min Sub Used RIF Installer . | . . . . Robots Hacked . | . . . . Non-combat . | . . . . Combat . | . . . . Robot Hacks Applied . | . . . . Relay Couplers Released . | . . . . Fabnet Peak Effective % . | . . . . Robots Rewired . | . . . . Allies Hacked . | . . . . Hacks Repelled . | . . . . Allies | -11 -10 -10 -10 -------- Run | Yrd Mat Min Sub Total Allies . | . . . . Largest Group . | . . . . Highest-Rated Group . | . . . . Highest-Rated Ally . | . . . . Total Orders . | . . . . Ally Attacks . | . . . . Total Damage . | . . . . Kills . | . . . . Allies Corrupted . | . . . . Allies Melted . | . . . . Intel | -11 -10 -10 -10 ------- Run | Yrd Mat Min Sub Active Infowar (turns) . | . . . . Robot Analysis Total 1 | . 1 . . Derelict Logs Recovered 1 | . . . 1 Drone Launches . | . . . . Drone Recoveries . | . . . . Exploration | -11 -10 -10 -10 ------------- Run | Yrd Mat Min Sub Turns Passed 1837 | 82 557 346 852 Spaces Moved 904 | 51 313 36 504 Core 73 | 11 . . 62 Treads 481 | 40 313 36 92 Legs . | . . . . Wheels 350 | . . . 350 Hover . | . . . . Flight . | . . . . Fastest Speed 50 | 50 160 160 110 Average Speed 148 | 137 160 160 142 Slowest Speed 300 | 160 160 160 300 Overloaded Moves . | . . . . Propulsion Burnouts . | . . . . Robots Hopped . | . . . . Potential Cave-ins . | . . . . Cave-ins Triggered . | . . . . Exploration Rate (%) 26 | 3 58 9 35 Regions Visited 3 Branch Regions 2 Pre-discovered Areas 1 | . . 1 . Known Exits Taken 2 | . 1 1 . Unknown Exits Taken 1 | 1 . . . Scrap Searched 4 | . . . 4 Spaces Dug . | . . . . Terrain Destroyed . | . . . . Melee . | . . . . Projectile . | . . . . AOE . | . . . . Terrain Rammed . | . . . . Walls Destroyed . | . . . . Machines Disabled . | . . . . Actions | -11 -10 -10 -10 --------- Run | Yrd Mat Min Sub Total 1314 | 60 355 323 576 Wait 293 | . 4 287 2 Move 901 | 50 312 35 504 Hop . | . . . . Pick Up 29 | 3 14 . 12 Fast Attach 14 | 5 4 . 5 Attach 4 | 1 1 . 2 Detach . | . . . . Swap 4 | 1 . . 3 Drop 25 | . 11 . 14 Fire 44 | . 9 1 34 Melee . | . . . . Ram . | . . . . Kick . | . . . . Crush . | . . . . Escape Stasis . | . . . . Rewire . | . . . . Trap . | . . . . Miscellaneous . | . . . . Route ------- -11/Scrapyard -10/Materials (discovered 3 exits: *Mat x2 / *Min) -10/Mines (discovered 2 exits: *Mat / *Sub) -10/Subcaves (discovered 2 exits: [*Mat] / Rec) History --------- Turn | Location | Event 16 | -11/Scrapyard | Discovered new exit (range 14) 83 | -11/Scrapyard | Entered Materials 84 | -10/Materials | Met a group of wandering Federalists 291 | -10/Materials | Discovered new exit (range 5) 325 | -10/Materials | Build established: Mutant 325 | -10/Materials | Identified exit to Materials 419 | -10/Materials | Discovered exit to Materials (range 15) 475 | -10/Materials | Discovered new exit (range 15) 497 | -10/Materials | Identified exit to Mines 640 | -10/Materials | Entered Mines 641 | -10/Mines | Assembled infested the area 653 | -10/Mines | Learned location of Storage (-9) 660 | -10/Mines | Discovered exit to Materials (range 8) 964 | -10/Mines | Discovered new exit (range 5) 985 | -10/Mines | Identified exit to Subcaves 986 | -10/Mines | Entered Subcaves 1307 | -10/Subcaves | Core integrity fell below 50% 1481 | -10/Subcaves | Visited Clippyterm 1490 | -10/Subcaves | Identified exit to Recycling 1490 | -10/Subcaves | Learned Factory trap positions 1738 | -10/Subcaves | Shifting Twisted Machinery released Battle Cannon 1745 | -10/Subcaves | Shifting Twisted Machinery released Battle Rifle 1795 | -10/Subcaves | Learned location of 2 exits from Materials 1812 | -10/Subcaves | Discovered new exit (range 12) 1836 | -10/Subcaves | Core integrity fell below 20% 1838 | -10/Subcaves | Destroyed by EQ-7UB(R) with Subdweller Machine Gun Last Messages --------------- 01543_ Acquired Sub. Machine Gun. 01544_ Dropped Broken Sub. Monowheel. 01547_ Acquired Sub. Power Source. 01561_ Acquired 30 matter. 01565_ Acquired 12 matter. 01571_ Acquired 4 matter. 01591_ Searching scrap... 01591_ Found Sub. Machine Gun. 01591_ Found 48 Matter. 01597_ Acquired Sub. Machine Gun. 01667_ Subatomizers dissect the Sub. Power Source. Battle Cannon falls loose from the Twisted Machinery. Battle Rifle falls loose from the Twisted Machinery. 01795_ Acquired derelict log, extracted data. Data stored: Materials exits (x2). 01812_ EXIT=FOUND 01834_ Sub. Machine Gun destroyed. Map ----- +----------------------------------------------------+ | ?????????????????????????????????????????????????? | | ?????????????????????????????????????????????????? | | ?????????????????????????????????????????????????? | | ?????????????????????????????????????????????????? | | ?????????????????????????????????????????????????? | | ?????????????????????????????????????????????????? | | ?????????????????????????????????????????????????? | | ?????????????????????????????????????????????????? | | ?????????????????????????????????????????????????? | | ?????????????????????????????????????????????????? | | ?????????????????????????????????????????????????? | | ???????????????????????????????????? #?????????? | | ???????????????????????????????????? #????????? | | ?????????????????????????????#?????# #????????? | | ????????????????????????????? ##### ##???????? | | ????????????????????????????? #???????? | | ?????????????????????????????? ????????? | | ?????????????????????????????? ?????????? | | ?????????????????????????????? ??????????? | | ??????????????????????????????? ????????????? | | ???????????????????????????????# #?????????????? | | ??????????????????????##??????## #?????????????? | | ????????????????????### ####### ##????????????? | | ???????????????????## < # #????????????? | | ???????????????????# R ##???????????? | | ???????????????????# R @ #???????????? | | ???????????????????# # ### #### #???????????? | | ???????????????????# ?##??###### ##??????????? | | ??????????????????" ????????## ###????????? | | ???????????????? " ??????????# ## ##???????? | | ??????????????? ???????????## ## ##??????? | | ??????????????? ?????????????### ## ##?????? | | ????????????? ????????????## # # #?????? | | ????????????? ????????? ?? "" #?????? | | ???????????????????????# ??? "" ##?????? | | ??????????????????????## ""##"### ##??????? | | ??????????????????????? ""?##??## #???????? | | ???????????????????????? """#####?## #???????? | | ?????????????????????????# """"" ##### ##??????? | | ??????????????????????????# """" ## #??????? | | ???????????????????????????# ##??????? | | ???????????????????????????## #### """#??????? | | ???????????????????????????## ##""##"""##??????? | | ???????????????????????????# ###""## #??????? | | ???????????????????????????## "##""# ###?????? | | ??????????????????????????### """" #?????? | | ??????????????????????????# " ##?????? | | ?????????????????????????## # ##?????? | | ?????????????????????????# #?????? | | ?????????????????????????# """" ""##?????? | +----------------------------------------------------+ Best States ------------- Heat Dissipation 25 Energy Generation 15 Energy Capacity 250 Matter Stores 300 Matter Capacity 300 Sight Range 16 Terrain Scan Density 10 Evasion (%) 50 Recoil Reduction 2 Item Schematics ----------------- None Robot Schematics ------------------ None Fabricated ------------ Nothing Repaired ---------- Nothing Studied --------- None Alien Tech Used ----------------- None Achievements -------------- None Challenges ------------ None Game ------ Seed HardenedBehemothScanner Manual? 0 Play Time 00:19:29 Cumulative 40.8 hours Start 2026.04.22 @ 16:47:42 End 2026.04.22 @ 17:05:31 Sessions 1 Manual Loads 0 Difficulty Rogue Special Mode None Game No. 53 Rogue 53 Adventurer 0 Explorer 0 Win Type - Total 1 Types 1/0/0/0/0/0/0/0/0/0 Lore% 39 Gallery% 33 Achievement% 29 Wizard Run 0 Options --------- Layout 1 ASCII 0 Keyboard 0 Movement Vi Keybinds 0 Fullscreen 1 Font 24/Smallcaps Map View 50x40 Zoom Use 0% Tactical HUD 1 Map Filters NONE Filters NONE Steam 1 RUN: 3d05983e-b82c-4387-a44d-d63f94a04b1a